 Dungeon Sprint DCSS version 0.19.0-11-g3fc08b3 (webtiles) character file.

4806 equalderp2856 the Eviscerator (level 10, -18/49 HPs)
             Began as a Felid Fighter on Nov 8, 2016.
             Demolished by a deep elf blademaster
             ... wielding a cursed -1 rapier
              (23 damage)
             ... in the Dungeon (Sprint VII: "The Pits").
             The game lasted 00:33:50 (7129 turns).

equalderp2856 the Eviscerator (Felid Fighter)       Turns: 7129, Time: 00:33:50

Health: -18/49     AC:  9    Str: 16    XL:     10   Next: 24%
Magic:  13/13      EV: 32    Int:  9    God:
Gold:   35         SH:  0    Dex: 17    Spells: 0 memorised, 9 levels left
                                        Lives:  0   Deaths: 2

rFire  . . .     SeeInvis +       - Unarmed
rCold  + . .     Gourm    .     (armour unavailable)
rNeg   . . .     Faith    .     (shield unavailable)
rPois  .         Spirit   .     (helmet unavailable)
rElec  .         Reflect  .     (cloak unavailable)
rCorr  .         Harm     .     (gloves unavailable)
MR     +....     NoTele   +     (boots unavailable)
Stlth  ++++++....               (no amulet)
                                D - +3 ring of protection
                                C - +3 ring of protection

@: quick
A: no armour, no weapons or thrown items, stealth, claws 1, fangs 3, see
invisible, carnivore 3, speed 1, shaggy fur 3, slow metabolism 1, sharp paws
a: no special abilities


You were in the Dungeon.
You were not hungry.

You visited 1 branch You collected 35 gold pieces.

Inventory:

Hand Weapons
 o - a +0 mace
Jewellery
 p - an uncursed ring of positive energy
 r - an uncursed ring of positive energy
 C - a +3 ring of protection (left paw)
 D - a +3 ring of protection (right paw)
Wands
 m - a wand of flame (33/48)
Scrolls
 h - a scroll of blinking
 j - 6 scrolls of remove curse
 k - 5 scrolls of amnesia
 l - a scroll of summoning
 q - 3 scrolls of identify
 s - 2 scrolls of fog
 t - 4 scrolls of recharging
Potions
 c - a potion of curing
 d - a potion of heal wounds
 e - 3 potions of haste
 f - 4 potions of magic
 g - 4 potions of berserk rage
 i - 2 potions of invisibility
 n - 2 potions of flight {unknown}
 E - 3 potions of agility
 F - 2 potions of resistance
 G - a potion of cure mutation
Comestibles
 a - 6 royal jellies
 b - 10 meat rations


   Skills:
 + Level 8.4 Fighting
 + Level 17.2 Dodging
 + Level 14.6 Stealth
 + Level 23.0 Unarmed Combat
 + Level 2.7 Evocations


You had 9 spell levels left.
You didn't know any spells.

Dungeon Overview and Level Annotations

Branches:
Dungeon (1/1)

Altars:
Ashenzari
Cheibriados
Dithmenos
Elyvilon
Fedhas
Gozag
Hepliaklqana
Kikubaaqudgha
Makhleb
Nemelex Xobeh
Okawaru
Qazlal
Ru
Sif Muna
Trog
Uskayaw
Vehumet
Xom
Yredelemnul
Zin
The Shining One
Beogh
Jiyva
Lugonu


Innate Abilities, Weirdness & Mutations

You cannot wear armour.
You are incapable of wielding weapons or throwing items.
Your paws allow you to move quietly. (Stealth)
You have sharp claws.
You have razor-sharp teeth.
You have supernaturally acute eyesight. (SInv)
You are carnivorous and can eat meat at any time.
You cover ground quickly.
Your thick and shaggy fur keeps you warm. (AC +3, rC+)
You have a slow metabolism.
Your sharp claws are effective at attacking unaware monsters.


Message History

The deep elf blademaster hits you with an enchanted rapier.
You miss the deep elf blademaster.
Your claw misses the deep elf blademaster.
The deep elf blademaster is severely wounded.
The deep elf blademaster hits you with a cursed -1 rapier!
The deep elf blademaster hits you with an enchanted rapier!
* * * LOW HITPOINT WARNING * * *
You miss the deep elf blademaster.
Your claw misses the deep elf blademaster.
Your bite misses the deep elf blademaster.
The deep elf blademaster is severely wounded.
The deep elf blademaster completely misses you.
The deep elf blademaster hits you with an enchanted rapier!
* * * LOW HITPOINT WARNING * * *
You mangle the deep elf blademaster!!
Your claw misses the deep elf blademaster.
The deep elf blademaster is almost dead.
The deep elf blademaster completely misses you.
The deep elf blademaster hits you with an enchanted rapier!!
You die...

.........##.'.)#.##..#
###########.#))'.##..#
###########.'..#.##..#
.....##..##.##'#.##e.#
..)..##..##......##..#
.....''..##########..#
.....'†..##########..#
.....##...†.....e....#
)....##.........@....#
######################
############## ##################
....#...'....###...##....##.....#
(.###...###...#...##......##....#
.##('...'.##.....####....####...#
##(.##'##..##...##..##..##..##..#
#..##...##.)'...#............#..#
#(.#.....#..#...#....#..#....##'#


You could see a deep elf blademaster.

Vanquished Creatures
  A merfolk impaler (D)
  A death yak (D)
  3 skeletal warriors (D)
  A sea snake (D)
  A swamp dragon (D)
  A lindwurm (D)
  A phantasmal warrior (D)
  3 hill giants (D)
  3 deep elf magi (D)
  2 orc knights (D)
  A cyclops (D)
  2 naga magi (D)
  An orange demon (D)
  A gargoyle (D)
  A molten gargoyle (D)
  3 demonic crawlers (D)
  An ice devil (D)
  2 freezing wraiths (D)
  2 merfolk (D)
  A tyrant leech (D)
  A jumping spider (D)
  4 dream sheep (D)
  A hippogriff (D)
  A spriggan (D)
  11 yaks (D)
  A vampire (D)
  A redback (D)
  A ynoxinul (D)
  A basilisk (D)
  Eustachio (D)
  A chaos spawn (D)
  A soldier ant (D)
  A naga (D)
  5 orc warriors (D)
  2 ogres (D)
  A phantom (D)
  A centaur (D)
  A crocodile (D)
  A small abomination (D)
  2 bullfrogs (D)
  12 killer bees (D)
  An orc priest (D)
  A gnoll shaman (D)
  3 orc wizards (D)
  2 iron imps (D)
  5 gnolls (D)
  An adder (D)
  An ufetubus (D)
  2 adder skeletons (D)
  A worm (D)
  2 leopard geckos (D)
  11 orcs (D)
  A bat zombie (D)
  A kobold (D)
  2 quokkas (D)
  2 ball pythons (D)
  A frilled lizard (D)
  A quokka skeleton (D)
  A rat (D)
122 creatures vanquished.

Notes
Turn   | Place    | Note
-------+----------+-------------------------------------------
     0 | D        | equalderp2856 the Felid Fighter began the quest for the Orb.
     0 | D        | Reached XP level 1. HP: 10/10 MP: 2/2
    17 | D        | Reached skill level 5 in Unarmed Combat
    17 | D        | Reached XP level 2. HP: 14/14 MP: 3/3
    43 | D        | Noticed an ogre
    49 | D        | Killed an ogre
    49 | D        | Reached skill level 8 in Unarmed Combat
    49 | D        | Reached XP level 3. HP: 17/18 MP: 4/4
    49 | D        | Reached XP level 4. HP: 21/22 MP: 5/5
   129 | D        | Found a radiant altar of Vehumet.
   129 | D        | Found a hide-covered altar of Uskayaw.
   129 | D        | Found an ancient bone altar of Kikubaaqudgha.
   129 | D        | Found a viscous altar of Jiyva.
   129 | D        | Found a hazy altar of Hepliaklqana.
   130 | D        | Found a bloodstained altar of Trog.
   130 | D        | Found a deep blue altar of Sif Muna.
   130 | D        | Found a sacrificial altar of Ru.
   130 | D        | Found a stormy altar of Qazlal.
   130 | D        | Found an iron altar of Okawaru.
   130 | D        | Found a sparkling altar of Nemelex Xobeh.
   130 | D        | Found an opulent altar of Gozag.
   130 | D        | Found a blossoming altar of Fedhas.
   130 | D        | Found a white marble altar of Elyvilon.
   130 | D        | Found a shadowy altar of Dithmenos.
   130 | D        | Found a snail-covered altar of Cheibriados.
   131 | D        | Found a glowing golden altar of the Shining One.
   131 | D        | Found a glowing silver altar of Zin.
   133 | D        | Found a roughly hewn altar of Beogh.
   133 | D        | Found a burning altar of Makhleb.
   133 | D        | Found a basalt altar of Yredelemnul.
   134 | D        | Found a shattered altar of Ashenzari.
   134 | D        | Found a corrupted altar of Lugonu.
   134 | D        | Found a shimmering altar of Xom.
   227 | D        | Noticed a phantom
   280 | D        | Killed a phantom
   280 | D        | Reached skill level 5 in Fighting
   280 | D        | Reached skill level 9 in Unarmed Combat
   280 | D        | Reached XP level 5. HP: 18/26 MP: 6/6
   403 | D        | Reached skill level 10 in Unarmed Combat
   459 | D        | Noticed Eustachio
   461 | D        | Killed Eustachio
   461 | D        | Reached skill level 11 in Unarmed Combat
   461 | D        | Gained mutation: You are covered in thick fur. (AC +2) [Felid growth]
   461 | D        | Reached XP level 6. HP: 31/31 MP: 7/7
   464 | D        | Noticed an orc knight
   464 | D        | Noticed an orc warrior
   464 | D        | Noticed an orc warrior
   464 | D        | Noticed a lindwurm
   466 | D        | Noticed an orc warrior
   489 | D        | Killed an orc warrior
   671 | D        | Reached skill level 12 in Unarmed Combat
   671 | D        | Reached XP level 7. HP: 21/35 MP: 8/8
   704 | D        | Killed an orc knight
   704 | D        | Reached skill level 13 in Unarmed Combat
   704 | D        | Reached XP level 8. HP: 24/39 MP: 9/9
   713 | D        | Reached skill level 14 in Unarmed Combat
  1075 | D        | Killed a lindwurm
  1075 | D        | Reached skill level 10 in Dodging
  1075 | D        | Reached skill level 10 in Stealth
  1075 | D        | Reached skill level 15 in Unarmed Combat
  1577 | D        | Noticed a phantasmal warrior
  1721 | D        | Noticed an orc knight
  1779 | D        | Reached XP level 9. HP: 43/43 MP: 10/10
  1812 | D        | HP: 2/43 [orc knight/long sword (25)]
  1828 | D        | Killed an orc knight
  1828 | D        | Reached skill level 16 in Unarmed Combat
  2113 | D        | Noticed a molten gargoyle
  2142 | D        | Killed a molten gargoyle
  2155 | D        | Noticed a cyclops
  2409 | D        | Reached skill level 17 in Unarmed Combat
  2657 | D        | Noticed a hill giant
  2695 | D        | Killed a hill giant
  2727 | D        | Noticed a deep elf mage
  2746 | D        | Reached XP level 10. HP: 48/48 MP: 11/11
  2749 | D        | Noticed a naga mage
  2763 | D        | Reached skill level 18 in Unarmed Combat
  2784 | D        | Killed a naga mage
  2829 | D        | Reached skill level 1 in Evocations
  2941 | D        | Killed a deep elf mage
  2941 | D        | Reached skill level 19 in Unarmed Combat
  3058 | D        | Noticed a deep elf mage
  3060 | D        | Noticed a gargoyle
  3060 | D        | Noticed a naga mage
  3114 | D        | Noticed a hill giant
  3338 | D        | Killed a hill giant
  3403 | D        | Killed a cyclops
  3445 | D        | Killed a gargoyle
  3450 | D        | Killed a naga mage
  3622 | D        | Reached skill level 20 in Unarmed Combat
  3622 | D        | Reached XP level 11. HP: 50/51 MP: 12/12
  3666 | D        | Noticed a death yak
  3668 | D        | Noticed a deep elf mage
  3687 | D        | Reached skill level 15 in Dodging
  3976 | D        | Killed a deep elf mage
  4072 | D        | Killed a death yak
  4200 | D        | Reached skill level 21 in Unarmed Combat
  4246 | D        | Killed a deep elf mage
  4316 | D        | Killed a phantasmal warrior
  4351 | D        | Noticed a hill giant
  4657 | D        | Killed a hill giant
  5002 | D        | Noticed a skeletal warrior
  5002 | D        | Noticed a skeletal warrior
  5003 | D        | Noticed a skeletal warrior
  5369 | D        | Killed a skeletal warrior
  5462 | D        | Killed a skeletal warrior
  5573 | D        | Reached skill level 22 in Unarmed Combat
  5693 | D        | Noticed a sea snake
  5747 | D        | Killed a sea snake
  5880 | D        | Gained mutation: Your thick and shaggy fur keeps you warm. (AC +3, rC+) [Felid growth]
  5880 | D        | Reached XP level 12. HP: 45/56 MP: 14/14
  6060 | D        | Noticed a merfolk impaler
  6279 | D        | Killed a merfolk impaler
  6688 | D        | Noticed a deep elf blademaster
  6771 | D        | Reached skill level 23 in Unarmed Combat
  7080 | D        | Slain by a deep elf blademaster
  7081 | D        | Reached XP level 11. HP: -2/52 MP: 14/14
  7089 | D        | Mangled by a deep elf blademaster
  7090 | D        | Reached XP level 10. HP: -10/49 MP: 13/13
  7129 | D        | Demolished by a deep elf blademaster

Skill      XL: |  1  2  3  4  5  6  7  8  9 10 11 12 |
---------------+-------------------------------------+-----
Unarmed Combat | 5 8 9 11 12 13 15 17 20 22 23 | 23.0
Fighting       | 4 5 6 7 8 |  8.4
Dodging        | 6 7 8 9 10 12 14 16 17 | 17.2
Stealth        | 2 3 6 7 9 10 11 12 14 | 14.6
Evocations     | 1 2 |  2.7

Action                   |  1- 3 |  4- 6 |  7- 9 | 10-12 || total
-------------------------+-------+-------+-------+-------++-------
Melee: Unarmed           |    13 |    59 |   124 |   307 ||   503
       Bite              |     3 |     6 |    12 |    42 ||    63
       Punch             |     1 |     1 |     9 |    34 ||    45
Evoke: Wand              |       |       |     1 |     3 ||     4
  Use: Potion            |       |     1 |     7 |    16 ||    24
       Scroll            |       |       |       |     1 ||     1
 Stab: Sleeping          |     2 |     3 |       |     3 ||     8
       Distracted        |       |       |     1 |     4 ||     5
  Eat: Meat ration       |       |       |     1 |     1 ||     2
       Chunk             |       |       |       |     4 ||     4
Armor: Skin              |       |     1 |     6 |    12 ||    19
Dodge: Dodged            |     7 |    27 |   100 |   285 ||   419
